[Event "Austrian Championship 2022"]
[Site "Vienna"]
[Date "2022.08.12"]
[Round "1.1"]
[White "Blohberger, Felix"]
[Black "Pilshofer, Paul"]
[Result "1-0"]
[ECO "A50"]
[WhiteElo "2492"]
[BlackElo "2223"]
[Annotator "TA"]
[PlyCount "43"]
[EventDate "2022.08.12"]
[EventType "swiss"]
[EventCountry "AUT"]
[SourceTitle "playchess.com"]
[Source "ChessBase"]
[SourceQuality "1"]
[TimeControl "40/5400+30:1800+30"]

1. Nf3 Nf6 2. g3 b6 3. Bg2 Bb7 4. O-O g6 5. c4 Bg7 6. d4 O-O 7. d5 {[%emt 0:00:27] 7.Re1 is a critical line.} c5 {[%emt 0:13:23] A50: Queen's Fianchetto Defence (1 d4 Nf6 2 c4 b6).} (7... Ne4 $11 {keeps the balance.}) 8. Nc3 $16 d6 9. e4 {[%emt 0:00:11] [#]} Ng4 $146 {[%emt 0:09:04] White is slightly better.} ({Predecessor:} 9... Nbd7 10. h3 b5 11. cxb5 a6 12. bxa6 Bxa6 13. Re1 Ne8 14. Bf4 h6 15. Qc2 g5 16. Bd2 Rb8 17. Nd1 e6 {0-1 (71) Idani,P (2569)-Mamedov,R (2680) Abu Dhabi 2017}) 10. h3 Ne5 11. Nxe5 Bxe5 12. Bh6 Bg7 13. Qd2 Qd7 (13... e5 $142) 14. Rae1 Na6 15. Bxg7 Kxg7 16. e5 dxe5 17. Rxe5 Rae8 18. Rfe1 {[%emt 0:05:17] White is more active.} f6 (18... e6 $16 {keeps fighting.}) 19. R5e2 $18 Nc7 $2 {[%emt 0:00:31] Against Nb5} (19... Bc8 $16 20. Nb5 e5) 20. d6 $1 {[%emt 0:01:20] White is clearly winning.} exd6 21. Bxb7 Ne6 {[%emt 0:00:23] [#]} 22. Bc6 $1 {[%emt 0:00:32][%mdl 512] Weighted Error Value: White=0.11 (very precise) /Black=0.53} 1-0

[Event "Austrian Championship 2022"]
[Site "Vienna"]
[Date "2022.08.12"]
[Round "1.1"]
[White "Lerch, Johannes"]
[Black "Ivanyk, Igor"]
[Result "1/2-1/2"]
[ECO "A14"]
[WhiteElo "2222"]
[BlackElo "2002"]
[Annotator "TA"]
[PlyCount "91"]
[EventDate "2022.08.12"]
[EventType "swiss"]
[EventCountry "AUT"]
[SourceTitle "playchess.com"]
[Source "ChessBase"]
[SourceQuality "1"]
[TimeControl "40/5400+30:1800+30"]

1. Nf3 Nf6 2. c4 e6 3. b3 d5 4. Bb2 Be7 5. g3 O-O 6. Bg2 c5 7. cxd5 Nxd5 8. O-O Nc6 9. d4 cxd4 10. Nxd4 Nxd4 11. Qxd4 {[%emt 0:04:37][%csl Gb2][%cal Rd4g7] [#]} Bf6 {[%emt 0:01:30] A14: English Opening: 1...e6 with b3 by White.} 12. Qd2 Rb8 13. Rd1 Bxb2 {[%emt 0:05:41] White is slightly better.} 14. Qxb2 Qf6 {[%emt 0:00:23] Inhibits Nc3.} 15. Qxf6 Nxf6 16. Na3 b5 17. Rac1 Bb7 18. Rc7 Bxg2 19. Kxg2 a6 20. Rc6 Nd5 21. Rxa6 Nb4 {[%emt 0:00:47] [#]} 22. Ra5 $146 {[%emt 0:00:53] Black must now prevent Rd2.} ({Predecessor:} 22. Ra7 Nxa2 23. Rc7 Nc3 24. Rdd7 Nxe2 25. b4 e5 26. Rd5 Nd4 27. Rxe5 Rfe8 28. Rxe8+ Rxe8 {1-0 (54) Sadikhov,U (2490)-Megalios,K (2390) Veliko Gradiste 2021}) 22... Nxa2 23. Rxb5 (23. Nb1 $5 Nb4 24. Nc3 $14) 23... Nc3 24. Rxb8 Rxb8 $14 {[%emt 0:00:03][%mdl 4096] Endgame KRN-KRN} 25. Rd4 Kf8 26. b4 Ra8 27. Nc2 Ra2 28. Ne3 Rxe2 29. Rc4 Nb5 30. Rc5 Nd4 31. Rc7 Rb2 32. Rb7 Nc2 33. Nxc2 Rxc2 $11 {[%emt 0:00:03] KR-KR} 34. b5 Rb2 35. h4 g6 (35... Rb3 $14) 36. b6 (36. Kf3 $16) 36... Kg7 (36... e5 $14) 37. g4 (37. Kf3 $16) 37... h6 38. Rb8 {[%emt 0:00:40] The position is equal.} Rb3 39. f3 Rb2+ 40. Kg3 e5 41. g5 hxg5 42. hxg5 Kh7 43. Rf8 $1 Kg7 44. Rb8 Kh7 45. Kh3 Kg7 46. Kg3 {[%emt 0:00:52] Weighted Error Value: White=0.10 (very precise) /Black=0.07 (flawless)} 1/2-1/2

[Event "Austrian Championship 2022"]
[Site "Vienna"]
[Date "2022.08.12"]
[Round "1.2"]
[White "Albadri Abd Al Sattar"]
[Black "Horvath, Dominik"]
[Result "0-1"]
[ECO "D30"]
[WhiteElo "2161"]
[BlackElo "2488"]
[Annotator "TA"]
[PlyCount "42"]
[EventDate "2022.08.12"]
[EventType "swiss"]
[EventCountry "AUT"]
[SourceTitle "playchess.com"]
[Source "ChessBase"]
[SourceQuality "1"]
[TimeControl "40/5400+30:1800+30"]

1. d4 d5 2. c4 e6 3. e3 Nf6 4. Nf3 a6 5. a4 c5 6. Nc3 {[%emt 0:02:10] D30: Queen's Gambit Declined: Systems without Nc3.} cxd4 7. exd4 Nc6 {[%emt 0:00:42] [#]} 8. cxd5 $146 {[%emt 0:04:58] The position is equal.} ({Predecessor:} 8. c5 b6 9. cxb6 Qxb6 10. Be2 Be7 11. O-O O-O 12. h3 Bd7 13. b3 Rfb8 14. Bf4 {1-0 (43) Dong,B (2227)-Llanos,G (2297) Chess.com INT 2020}) 8... Nxd5 9. Bc4 Bb4 10. Qd3 Be7 11. O-O O-O 12. h3 Ncb4 13. Qe2 b6 14. Ne5 Bb7 15. Rd1 Rc8 16. Be3 (16. Nxd5 $11 Bxd5 17. b3) 16... Nxe3 $17 17. fxe3 Bd6 {[%emt 0:00:07] A strong pair of Bishops.} 18. b3 ({White should play} 18. Nxf7 Kxf7 19. Rf1+ Ke7 20. Bxe6 Bh2+ 21. Kxh2 Qd6+ 22. Kg1 Qxe6 23. e4) 18... Bxe5 19. dxe5 Qg5 20. Rd6 $2 {[%emt 0:01:08] [#]} (20. Rac1 $17) 20... Qxe5 $19 21. Qd2 (21. Rxb6 Qxc3 22. Qe1 Qxe1+ 23. Rxe1) 21... Nd5 {[%emt 0:00:06] Weighted Error Value: White=0.38/Black=0.01 (flawless)} 0-1

[Event "Austrian Championship 2022"]
[Site "Vienna"]
[Date "2022.08.12"]
[Round "1.2"]
[White "Kersten, Julian"]
[Black "Marakovits, Nico"]
[Result "0-1"]
[ECO "B45"]
[WhiteElo "1999"]
[BlackElo "2259"]
[Annotator "TA"]
[PlyCount "132"]
[EventDate "2022.08.12"]
[EventType "swiss"]
[EventCountry "AUT"]
[SourceTitle "playchess.com"]
[Source "ChessBase"]
[SourceQuality "1"]
[TimeControl "40/5400+30:1800+30"]

1. e4 c5 2. Nf3 Nc6 3. Nc3 Nf6 4. Be2 e6 5. d4 cxd4 6. Nxd4 Bb4 7. O-O O-O 8. Nxc6 dxc6 9. Bd3 {[%emt 0:02:48] B45: Sicilian Four Knights.} e5 {[%emt 0:05:22] [#]} 10. Qf3 $146 ({Predecessor:} 10. Qe2 Bg4 11. Qe3 Nh5 12. h3 Be6 13. Qf3 Qh4 14. Ne2 Bc5 15. Be3 Bxe3 16. Qxe3 Nf4 {0-1 (26) Muslija,I (2286)-Basagic,Z (2379) Bled 2003}) 10... h6 11. h3 {[%emt 0:08:15] The position is equal.} Qe7 12. Ne2 Bd6 13. Ng3 Kh7 14. Nh5 Ng8 15. Qe2 ({But not} 15. Qg3 $2 g6 16. Qf3 gxh5 $19) 15... g6 (15... Bc5 {looks sharper.} 16. a4 Be6 17. Bd2 a5) 16. Ng3 Qh4 17. Nh1 (17. Bc4 $14) 17... Be6 ({Black should try} 17... f5 $1 $15) 18. Bc4 $11 Bxc4 19. Qxc4 f5 20. Qe6 Qf6 {[%emt 0:01:45] Active counter play!} 21. exf5 gxf5 22. Qxf6 Nxf6 23. Rd1 (23. Ng3 $11 f4 24. Nf5) 23... Bc7 $17 24. Be3 Rfd8 ({Better is} 24... Rf7 $17 25. Re1 Rg8) 25. Bc5 Rd5 26. Be7 Ng8 ({Black should play} 26... Kg6 $15) 27. Bh4 $11 Bd8 28. Rxd5 cxd5 29. Bxd8 Rxd8 {[%emt 0:00:05][%mdl 4096] Endgame KRN-KRN} 30. Re1 Re8 31. Ng3 Kg6 32. f4 e4 33. Ne2 Ne7 34. Nd4 Nc6 35. Rd1 Kf6 36. Kf2 Rc8 {[%emt 0:03:32] Hoping for ...Nxd4.} 37. c3 Nxd4 38. Rxd4 {[%emt 0:00:36] KR-KR} Ke6 39. Ra4 a6 40. Rb4 $1 b5 41. a4 Rb8 42. Ke3 Kd6 43. axb5 axb5 {[%emt 0:00:00] And now ...h5 would win.} 44. Rd4 $2 (44. g4 $11 {and White is okay.}) 44... Rg8 45. Kf2 e3+ (45... Kc6 $142 46. Rd1 h5) 46. Kxe3 $17 Rxg2 47. Rd2 {[%emt 0:00:00] White is now going downhill.} Rg3+ 48. Kd4 Rf3 {[%emt 0:00:00] Inhibits Rf2.} ({Much less strong is} 48... Rxh3 49. Rg2 $11) 49. Rg2 Rxf4+ 50. Ke3 {[%emt 0:00:00] [#]} Rh4 51. Rg6+ $2 (51. Rg8 $17) 51... Ke5 $19 52. Rb6 b4 53. Kf2 $2 (53. cxb4 Rxh3+ 54. Kd2) 53... bxc3 54. bxc3 Rxh3 55. Rg6 h5 56. Rh6 Rh4 57. Kf3 Rf4+ 58. Ke3 h4 59. Rh5 Rc4 60. Kd3 Rg4 {[%emt 0:00:00] ...Rg3+ is the strong threat.} 61. Ke3 Rg3+ (61... h3 $142 {( -> ...Rg3+)} 62. Rh8 Rg3+ 63. Kf2 Rxc3) 62. Ke2 h3 63. Kd2 Rg2+ (63... Ke4 $142 64. Ke2 Rxc3 65. Kd2 Ra3 66. Kc2 d4 67. Rh7 f4 68. Rb7 h2 69. Rh7 d3+ 70. Kb2 d2 71. Rxh2 {[#]} d1=Q $1 72. Kxa3 f3 73. Rh4+ Kf5 74. Rh5+ Kg4 75. Rb5 f2 76. Rb4+ Kf5 77. Rb5+ Ke4 78. Rb4+ Kd5 79. Rb8 Qa1+ 80. Kb3 Qb1+ 81. Kc3 Qxb8 82. Kd2 f1=Q 83. Kc3 Qe1+ 84. Kd3 Qb3#) 64. Kd3 Rg3+ (64... Kf4 $19 65. Rxh3 Rg3+ 66. Kd4 Rxh3 67. Kxd5 Kg4 68. Ke5 f4 69. Ke4 f3 70. Ke3 Kg3 71. Kd4 f2 72. Ke5 f1=Q 73. Ke6 Qc4+ 74. Kf6 Rh7 75. Kf5 Rh6 76. Ke5 Re6+ 77. Kf5 Qg4#) 65. Kd2 Ke4 66. Rh8 Rg2+ {[%emt 0:00:00] Weighted Error Value: White=0.67/Black=0.44} 0-1

[Event "Austrian Championship 2022"]
[Site "Vienna"]
[Date "2022.08.12"]
[Round "1.3"]
[White "Shengelia, David"]
[Black "Leitner, Gerald"]
[Result "0-1"]
[ECO "D02"]
[WhiteElo "2462"]
[BlackElo "2145"]
[Annotator "TA"]
[PlyCount "82"]
[EventDate "2022.08.12"]
[EventType "swiss"]
[EventCountry "AUT"]
[SourceTitle "playchess.com"]
[Source "ChessBase"]
[SourceQuality "1"]
[TimeControl "40/5400+30:1800+30"]

1. d4 Nf6 2. g3 d5 3. Bg2 c6 4. Nf3 Bf5 5. Nh4 Be6 6. Nc3 {[%emt 0:04:01] D02: 1 d4 d5 2 Nf3 sidelines, including 2...Nf6 3 g3 and 2...Nf6 3 Bf4.} g6 {[%emt 0:01:47] [#]} 7. Be3 $146 ({Predecessor:} 7. e4 Nxe4 8. Nxe4 dxe4 9. Bxe4 Bg7 10. c3 Bd5 11. Bf3 O-O {½-½ (11) Lukov,V (2429)-Bratanov,Z (2420) Sunny Beach 2006}) 7... Bg7 8. Qd2 {[%emt 0:01:03] The position is equal.} h6 9. f4 Nbd7 10. h3 h5 11. Qd3 Nb6 12. b3 {[%emt 0:00:30] Prevents Nc4.} Qd7 13. a4 Bf5 14. Nxf5 gxf5 15. Bc1 Nc8 16. Ba3 Ne4 17. Rd1 (17. Qe3 $15) 17... Ncd6 18. Bxd6 Qxd6 19. Nxe4 fxe4 20. Qd2 f5 (20... Qg6 $17 21. Kf2 Rg8) 21. e3 $15 Qg6 22. Qf2 (22. Kf2 $1 $15) 22... Bf6 $17 {[%emt 0:00:35][%cal Oc6c5] Black continues to play with concentration.} 23. h4 Rg8 24. Rh3 Rc8 25. b4 {[%emt 0:02:57] [#]} (25. Bf1 $142) 25... b6 $1 {[%emt 0:02:14] Black is more active.} 26. Bf1 {[%emt 0:42:11] [#]} c5 $1 27. Ba6 (27. bxc5 $17 bxc5 28. c3) 27... Rc7 $19 {[%emt 0:00:53] And now ...Qg4 would win.} 28. bxc5 (28. c3 $142) 28... bxc5 29. Qe2 Kf7 {[%emt 0:05:48] aiming for ...cxd4.} 30. dxc5 Rxc5 31. Kf1 Rb8 {[%emt 0:06:25] Inhibits Rb1. ...Rb6 is the strong threat.} 32. c4 $2 (32. Bb5) 32... dxc4 33. Bxc4+ Kg7 34. Rd2 {[%emt 0:00:00] Against Rb2} (34. Ba2 $142 Bc3 35. Rc1) 34... Qg4 35. Kg2 Qf3+ 36. Kh2 {[%emt 0:00:00] [#]} Rxc4 37. Qxc4 (37. g4 Qxe2+) 37... Rb1 {[%emt 0:00:02][%csl Gb1][%cal Rf3h1] Black mates.} 38. Rg2 Qd1 39. g4 hxg4 40. Kg3 Qe1+ 41. Rf2 Qxe3+ {[%emt 0:30:46] Weighted Error Value: White=0.62/Black=0.17 (very precise)} 0-1

[Event "Austrian Championship 2022"]
[Site "Vienna"]
[Date "2022.08.12"]
[Round "1.3"]
[White "Sadilek, Maximilian"]
[Black "Kordzadze, Nino"]
[Result "1-0"]
[ECO "D01"]
[WhiteElo "2230"]
[BlackElo "2043"]
[Annotator "TA"]
[PlyCount "113"]
[EventDate "2022.08.12"]
[EventType "swiss"]
[EventCountry "AUT"]
[SourceTitle "playchess.com"]
[Source "ChessBase"]
[SourceQuality "1"]
[TimeControl "40/5400+30:1800+30"]

1. Nc3 d5 2. d4 Nf6 3. Bg5 Bf5 4. f3 Nc6 5. e4 dxe4 6. d5 {[%emt 0:15:00] D01: Veresov Opening.} Ne5 (6... Nb4 $11 7. Qe2 Nfxd5) 7. Qd4 {[%emt 0:05:07] [#]} (7. fxe4 $1 $14 Nxe4 8. Qd4) 7... Nfd7 $146 (7... exf3 $1 $11 8. Nxf3 (8. Qxe5 f2+ 9. Kd2 fxg1=R $17) 8... Nxf3+ 9. gxf3 a6) ({Predecessor:} 7... exf3 8. gxf3 Ned7 9. O-O-O g6 10. Nge2 Nb6 11. Ng3 Bd7 12. Bxf6 exf6 13. Re1+ Be7 14. Qxf6 {1-0 (34) Barranco Montilla,C (2190)-Erra Soler,G (1765) Santa Eulalia de Roncana 2019}) 8. fxe4 $16 {[%emt 0:01:00] White is better.} Bg4 9. h3 Bh5 10. g4 Bg6 11. Be2 {[%emt 0:00:30] White is more active.} (11. O-O-O $16) 11... c6 (11... f6 $11 12. Be3 Bf7) 12. O-O-O $1 $14 Qb6 (12... f6 $1 $14 13. Be3 Qa5) 13. Qd2 $1 $16 O-O-O {[%emt 0:07:08] [#]} 14. Nf3 $1 Nxf3 15. Bxf3 Ne5 16. Be2 f6 17. Be3 ({White should try} 17. Na4 $16 Qc7 18. Be3) 17... Qa5 $11 18. Qd4 Kb8 19. Bf4 e6 $1 20. Bxe5+ fxe5 21. Qxe5+ Bd6 22. Qxg7 {[%emt 0:00:16] Threatens to win with dxc6.} (22. Qxe6 $2 Rhe8 23. h4 Rxe6 24. dxe6 Qe5 $19) 22... exd5 23. exd5 {[%emt 0:00:16] Strongly threatening Bd3.} Rhe8 {[%emt 0:00:26] Hoping for ...Be5.} 24. dxc6 $2 (24. Bd3 $1 $15 Be5 25. Qh6) 24... bxc6 $2 ({Black should play} 24... Qg5+ $19 25. Rd2 bxc6) 25. Qf6 $1 $14 Qc5 (25... Kc7 $1 $14 26. Qf2 Rb8 27. Rxd6 (27. Qf6 $2 Be5 $19) 27... Kxd6) 26. Rhe1 Kc7 {[%emt 0:08:46] [#] White must now prevent ...Qe3+.} 27. Qd4 Qa5 (27... Qxd4 $16 28. Rxd4 Re3) 28. Qc4 Rf8 29. Rf1 {[%emt 0:00:26] Against Rf4} Qc5 30. Qxc5 Bxc5 31. Bd3 Bxd3 32. cxd3 Rxf1 33. Rxf1 {[%emt 0:00:04] aiming for Rf5.} Rxd3 $16 {[%emt 0:00:27][%mdl 4096] Endgame KRB-KRN} 34. Rf7+ Rd7 35. Rf5 Be3+ 36. Kc2 h6 37. Rf3 Bg1 (37... Rd2+ $16 {was worth a try.} 38. Kb3 Bg5) 38. Ne2 $18 Bb6 39. Ng3 Re7 40. Nf5 Re6 41. Kd3 c5 (41... Kd7 $142 42. Rf4 Re5) 42. Rf4 Kc6 43. Re4 Rf6 44. Kc4 Bd8 45. Re8 Bc7 46. Rh8 Bf4 47. Ne7+ Kd6 48. Nf5+ Kc6 49. Rc8+ Kb7 50. Rxc5 Re6 51. Nd4 Re4 52. Rd5 Bg5 53. a4 Re3 (53... Bf6 {is a better defense.} 54. Kd3 Rf4) 54. Rb5+ Kc7 {[%emt 0:00:32] White has a decisive advantage.} 55. Rb3 Re1 56. Rf3 Re7 57. b4 {[%emt 0:00:14] White used his chance.  Weighted Error Value: White=0.34/Black=0.33} 1-0

[Event "Austrian Championship 2022"]
[Site "Vienna"]
[Date "2022.08.12"]
[Round "1.4"]
[White "Exler, Veronika"]
[Black "Stanec, Nikolaus"]
[Result "0-1"]
[ECO "B22"]
[WhiteElo "2132"]
[BlackElo "2460"]
[Annotator "TA"]
[PlyCount "84"]
[EventDate "2022.08.12"]
[EventType "swiss"]
[EventCountry "AUT"]
[SourceTitle "playchess.com"]
[Source "ChessBase"]
[SourceQuality "1"]
[TimeControl "40/5400+30:1800+30"]

1. e4 c5 2. c3 g6 3. d4 cxd4 4. cxd4 d5 5. e5 Nc6 6. h3 Bg7 7. Nc3 f6 {[%emt 0:00:30] B22: Sicilian: 2 c3.} 8. f4 fxe5 9. fxe5 e6 {[%emt 0:00:53] [#] White is slightly better.} 10. Nb5 $146 ({Predecessor:} 10. Nf3 Nge7 11. g4 O-O 12. Bg2 b6 13. Bg5 Ba6 14. a3 Rc8 15. h4 h6 16. Be3 {1-0 (37) Bhatia,K (2036)-Bourne,I (1918) Daventry 2014}) 10... Qh4+ 11. Ke2 Bf8 {[%emt 0:09:20] [#]} 12. Nc7+ $1 ({Don't play} 12. Nf3 Qd8 $14) 12... Kd8 13. Nf3 (13. Nb5 $1 $14) 13... Nxd4+ $1 $11 (13... Qe4+ $2 14. Kf2 Kxc7 15. Bd3 $18) 14. Qxd4 Qxd4 {[%emt 0:00:12] Dancing on a razor blade.} 15. Nxe6+ $1 Bxe6 16. Nxd4 Kd7 17. Kf3 {[%emt 0:07:16] Strongly threatening Bb5+.} Ne7 18. Bf4 Nc6 19. Bb5 a6 20. Ba4 {[%emt 0:00:05] Nxc6 is the strong threat.} ({But not} 20. Nxe6 axb5 21. Ng5 Nd4+ 22. Kf2 Bc5 $17) 20... b5 21. Nxc6 bxa4 22. Rac1 {[%emt 0:01:39] Threatens to win with Nd4.} Rc8 23. Nd4 {[%emt 0:02:22] aiming for Rxc8.} Be7 24. Rxc8 Rxc8 25. Rc1 Rxc1 26. Bxc1 Bf5 27. Nxf5 gxf5 {[%emt 0:00:18][%mdl 4096] Endgame KB-KB} 28. Be3 Ke6 29. Bd4 Bg5 30. g4 Bd2 31. Kg3 $1 fxg4 (31... Bh6 $11) 32. hxg4 $15 Bg5 33. Kf3 Bc1 34. Kg3 Bh6 35. Kf3 Bg5 36. Kg3 Bc1 37. Kf3 a3 (37... Bh6 $17) 38. bxa3 Bxa3 39. Kf4 a5 40. Kf3 a4 {[%emt 0:00:10] Black is slightly better.} 41. Bc3 Bc1 42. Bd4 a3 {[%emt 0:01:23] Weighted Error Value: White=0.03 (flawless) /Black=0.06 (flawless)} 0-1

[Event "Austrian Championship 2022"]
[Site "Vienna"]
[Date "2022.08.12"]
[Round "1.4"]
[White "Mayrhuber, Tobias"]
[Black "Nolz, Tom"]
[Result "1/2-1/2"]
[ECO "C40"]
[WhiteElo "2010"]
[BlackElo "2230"]
[Annotator "TA"]
[PlyCount "164"]
[EventDate "2022.08.12"]
[EventType "swiss"]
[EventCountry "AUT"]
[SourceTitle "playchess.com"]
[Source "ChessBase"]
[SourceQuality "1"]
[TimeControl "40/5400+30:1800+30"]

1. e4 e5 2. Nf3 d5 3. Nxe5 Bd6 4. d4 dxe4 5. Nc4 Be7 6. Nc3 {[%emt 0:02:12] C40: Latvian and Elephant Gambits.} Nf6 7. Bf4 O-O {[%emt 0:03:58] [#]} 8. Be2 $146 ({Predecessor:} 8. Qd2 Be6 9. Be2 Nc6 10. O-O-O Bb4 11. Bg5 Na5 12. Nxa5 Bxa5 13. d5 Bf5 14. g4 {0-1 (30) Gallotto,S-Pasteur,V corr 1999}) 8... a6 9. a4 Nc6 10. d5 Nb4 11. Ne3 Bd6 12. Bg5 Re8 $36 {[%emt 0:00:49][%mdl 2048] Black is more active.} 13. Qd4 Ng4 14. Bxd8 Nxe3 15. Qxe4 ({Of course not} 15. Qxe3 Nxc2+ 16. Kd2 Nxe3 17. Bxc7 Nf1+ 18. Ke1 Bxc7 $17) (15. Kd2 $14 {is the one way to stay ahead.} Nbxc2 16. Qxe4 Rxe4 17. Nxe4 Nxa1 18. fxe3 (18. Kxe3 Nc2+ 19. Kd2 Bf4+ 20. Kxc2 Bf5 $15)) 15... Rxe4 (15... Nexc2+ $142 16. Kd1 (16. Kd2 $2 Rxe4 17. Nxe4 Bf4+ 18. Kc3 Bf5 $19) 16... Rxe4 17. Nxe4 Nxa1 18. Nxd6 cxd6) 16. Nxe4 $2 (16. fxe3 Re8 17. Bg5 Nxc2+ 18. Kf2) 16... Nexc2+ $19 17. Kd2 Bf4+ 18. Kc3 Bf5 19. Bf3 Nxa1 $2 (19... Rxd8 20. Rad1 Be5+ 21. Kb3 a5) 20. Kxb4 Nc2+ ({Not} 20... Rxd8 21. Rxa1 Re8 22. Nc3 $15) 21. Kc3 Rxd8 22. Kxc2 Rxd5 23. g3 Be5 24. Re1 Kf8 25. Re3 b5 26. axb5 Rxb5 27. b3 (27. Rb3 $17 {was necessary.}) 27... Ra5 28. Kd3 c5 29. g4 Bd7 {[%emt 0:01:06] And now ...Bb5+ would win.} 30. Nc3 Bd4 31. Re2 Ra1 32. Rc2 (32. Kc2 $142) 32... g6 33. Ne4 Bb5+ 34. Kd2 Rf1 {[%emt 0:01:31] Threatens to win with ...f5.} 35. Be2 Rh1 36. Nxc5 Bxf2 {[%emt 0:00:47] A strong pair of Bishops.} (36... Rxh2 $19 37. Bxb5 axb5) 37. Nxa6 $17 Be1+ (37... Bd7 $17 38. Nc5 Bxc5 39. Rxc5 Rxh2) 38. Ke3 $11 Bxe2 (38... Rxh2 $2 39. Rc8+ Be8 40. Bb5 $18) 39. Rxe2 {[%emt 0:00:13][%mdl 4096] Endgame KRB-KRN} Ba5 40. b4 Bb6+ 41. Kd3 Rg1 42. Re4 Kg7 43. b5 h5 44. gxh5 gxh5 45. Nb4 (45. Re5 $11) 45... Rg2 (45... Rg5 $15) 46. Nd5 Bg1 47. Nf4 Rxh2 {[%emt 0:00:31] The position is equal.} 48. Nxh5+ {[%emt 0:00:26][%mdl 64] [#] Remove Defender} Rxh5 {[%emt 0:00:26] KRB-KR} 49. Rg4+ Kf6 50. Rxg1 Rxb5 {[%emt 0:00:05] KR-KR} 51. Ke4 Rb4+ 52. Kf3 Kf5 53. Ra1 Rb3+ 54. Kf2 Kg4 55. Ra4+ Kg5 56. Ra5+ f5 57. Ra4 Rc3 58. Rb4 Ra3 59. Rc4 Rh3 60. Ra4 Rh4 61. Rxh4 Kxh4 {[%emt 0:00:02] KP-K} 62. Kf3 Kg5 63. Kg3 f4+ 64. Kf3 Kf5 65. Kf2 Ke4 66. Ke2 Kd4 67. Kf3 Ke5 68. Kf2 Kf6 69. Kf3 Kf5 70. Kf2 Kg4 71. Kg2 Kh4 72. Kf3 Kg5 73. Kf2 Kg4 74. Kg2 f3+ 75. Kf2 Kf4 76. Kf1 Ke3 (76... Kg3 $5 77. Kg1 Kh4 $11) 77. Ke1 Kd3 78. Kf2 Ke4 79. Kf1 Kf4 (79... Kd3 $5) 80. Kf2 Kg4 (80... Ke4 $5) 81. Kf1 Kg3 {[%emt 0:00:05] [#] ( -> ...f2)} 82. Kg1 f2+ {[%emt 0:00:08] Black had all chances to win.  Weighted Error Value: White=0.30/Black=0.23 (precise)} 1/2-1/2

[Event "Austrian Championship 2022"]
[Site "Vienna"]
[Date "2022.08.12"]
[Round "1.5"]
[White "Diermair, Andreas"]
[Black "Steiner, Bruno"]
[Result "1-0"]
[ECO "E05"]
[WhiteElo "2452"]
[BlackElo "2126"]
[Annotator "TA"]
[PlyCount "67"]
[EventDate "2022.08.12"]
[EventType "swiss"]
[EventCountry "AUT"]
[SourceTitle "playchess.com"]
[Source "ChessBase"]
[SourceQuality "1"]
[TimeControl "40/5400+30:1800+30"]

1. d4 d5 2. Nf3 Nf6 3. c4 e6 4. g3 Be7 5. Bg2 O-O 6. O-O dxc4 7. Qc2 b5 8. a4 {[%emt 0:01:51] E05: Open Catalan: 5 Nf3 Be7.} Bb7 9. axb5 a6 10. Nc3 {[%emt 0:03:28] Prevents Be4. White is slightly better.} c5 {[%emt 0:07:05] [#]} 11. bxc6 $146 ({Predecessor:} 11. Be3 axb5 12. Rxa8 Bxa8 13. Nxb5 Qa5 14. Na3 cxd4 15. Nxc4 Qc7 16. Nxd4 Bxg2 17. Kxg2 {1-0 (69) Sidorika,V (2331)-Titus,A (2154) Chess.com INT 2021}) 11... Nxc6 12. Rd1 Nb4 13. Qb1 h6 14. Bf4 Nbd5 15. Ne5 Nxc3 16. bxc3 Bxg2 17. Kxg2 Qd5+ 18. f3 Rfb8 19. Qc2 {[%emt 0:05:57] Hoping for e4.} Rb3 $1 20. Ra4 Qb5 21. Rxc4 g5 (21... Bd6 $11) 22. Bc1 $36 {[%emt 0:01:49][%mdl 2048] White has strong initiative.} Bd6 {[%emt 0:06:14] Prevents Rc7.} 23. Rc6 {[%emt 0:06:55] White is more active.} Bxe5 24. Rc5 ({Don't play} 24. dxe5 Qxc6 25. Qxb3 Nd5 $16) 24... Qb7 (24... Qb6 $16 {was called for.}) 25. Rxe5 $2 (25. dxe5 $18 {is the precise move to win.} Nd5 26. h4) 25... a5 $2 {[%emt 0:03:48] [#]} (25... Nd5 $16) 26. h4 $1 $18 a4 $2 (26... Nd7 {keeps fighting.} 27. Re3 Nf8 28. hxg5 h5) 27. hxg5 Nd5 28. gxh6 Rxc3 29. Rg5+ $2 ({White should try} 29. Qe4 $18 {Black must now prevent Qg4+.} Kh8 30. Qh4) 29... Kh8 $11 30. Qd2 {[%emt 0:04:06][%cal Og5d5] Strongly threatening Rxd5!} a3 $2 {[%emt 0:01:54][%mdl 8192] [#]} (30... Ne3+ $11 31. Kg1 Qc7) 31. Rxd5 $1 $18 {[%emt 0:01:45][%cal Od2f4] White wants to mate with Qf4!} Rxc1 {[%emt 0:02:02] [#]} (31... Rxf3 32. Rd8+) 32. Qg5 $1 f5 33. Rb5 (33. Rd8+ $142 Rxd8 34. Qxd8+ Kh7 35. Rxc1 Qf7 36. Rc7 Qxc7 37. Qxc7+ Kxh6 38. Qa7) 33... Qxb5 34. Qg7# {[%emt 0:00:02] Weighted Error Value: White=0.49/Black=0.81} 1-0